AoeStats
← Eby

Arabia

508485178Analyzed
2v2 RM · 9d ago on Sep 22, 2026· 45m 52s· 4 players
Game mode
Random Map
Map size
Medium (4 player)
Population
200
Speed
Normal
Resources
Standard
Victory
Conquest
Starting age
Dark Age
Ending age
Imperial Age
RankedLock teamsTeams togetherTeam positionsShared explorationLock speedFull tech treeHidden civsTurbo modeCheats
Victory
Defeat
🇮🇳 Italians · India
1493
+10
🇮🇳 Persians · India
1345
+17
🇦🇷 Magyars · Argentina
1390
-15
🇦🇷 Ethiopians · Argentina
1333
-12
Paquiao
7:15 Loom
9:31 Feudal Age
10:20 Double-Bit Axe
14:34 Bloodlines
14:39 Town Watch
19:38 Scale Barding Armor
22:26 Horse Collar
22:38 Gold Mining
25:05 Castle Age
25:07 Light Cavalry
26:11 Chain Barding Armor
26:40 Wheelbarrow
29:05 Husbandry
31:53 Fletching
35:20 Bodkin Arrow
White Mamba
7:05 Loom
10:35 Feudal Age
11:03 Double-Bit Axe
15:59 Fletching
23:47 Castle Age
21:41 Gold Mining
21:33 Horse Collar
23:53 Crossbowman
24:47 Bodkin Arrow
25:11 Bow Saw
26:34 Ballistics
28:17 Heavy Plow
28:55 Wheelbarrow
28:26 Padded Archer Armor
29:21 Gold Shaft Mining
33:18 Leather Archer Armor
35:41 Thumb Ring
39:45 Imperial Age
40:49 Hand Cart
40:11 Arbalester
40:40 Town Watch
41:16 Bracer
41:47 Ring Archer Armor
45:14 Town Patrol
Eby
6:29 Loom
8:31 Feudal Age
9:25 Double-Bit Axe
11:23 Horse Collar
15:58 Bloodlines
16:37 Scale Barding Armor
23:51 Castle Age
22:07 Gold Mining
22:33 Forging
24:38 Chain Barding Armor
26:53 Husbandry
32:07 Iron Casting
35:20 Wheelbarrow
43:59 Imperial Age
42:41 Town Watch
44:56 Plate Barding Armor
43:44 Cavalier
45:23 Conscription
BALA
6:21 Loom
9:30 Feudal Age
11:50 Double-Bit Axe
16:16 Gold Mining
17:14 Fletching
17:46 Padded Archer Armor
21:25 Wheelbarrow
25:06 Castle Age
23:04 Horse Collar
25:15 Crossbowman
26:10 Bodkin Arrow
26:33 Thumb Ring
30:38 Leather Archer Armor
33:32 Ballistics
35:52 Scale Mail Armor
36:15 Bow Saw
36:17 Masonry
36:10 Heavy Plow
37:55 Town Watch
42:08 Imperial Age
39:55 Stone Mining
41:02 Hand Cart
40:50 Town Patrol
42:52 Bracer
43:23 Ring Archer Armor
44:18 Chemistry
44:47 Arbalester
46:38 Conscription
Connection lost

Rejoining the realm…

Still unreachable

The connection could not be restored.

Session expired

The server has moved on; the page needs a fresh start.